[Event "Late-Titled-Tuesday-Blitz-September-05-2023"]
[Site "Chess.com"]
[Date "2023.09.05"]
[Round "8"]
[White "InadaC"]
[Black "RebecaJimnz"]
[Result "1-0"]
[WhiteElo "2147"]
[BlackElo "2217"]
[TimeControl "180+1"]
[EndTime "15:29:58 PDT"]
[Termination "InadaC won on time"]

1. d4 d5 2. c4 c6 3. cxd5 cxd5 4. Bg5 Nf6 5. Bxf6 gxf6 6. e3 e6 7. Nc3 Nc6 8. Bb5 Bd7 9. Nge2 Rc8 10. Nf4 a6 11. Ba4 b5 12. Bc2 b4 13. Nce2 Bd6 14. Qd3 Ne7 15. O-O Bb5 16. Qd2 e5 17. dxe5 fxe5 18.
Nh3 Qd7 19. Bb3 Rg8 20. Ng3 Bxf1 21. Rxf1 Qc6 22. Qd3 e4 23. Qd4 Bc5 24. Qd1 Qe6 25. Ba4+ Kf8 26. Nf4 Qe5 27. Qe2 Nf5 28. Qxa6 Rd8 29. Qa5 Be7 30. Nxf5 Qxf5 31. Rd1 Qg5 32.
g3 d4 33. Qb6 d3 34. Bc6 Qc5 35. Qxc5 Bxc5 36. Bxe4 d2 37. Bxh7 Rg5 38. h4 Re5 39.
Nd3 Red5 40. Nf4 R5d6 41. Kf1 Ra6 42. Bb1 b3 43. axb3 Ra1 44. Ke2 Bb4 45. Nd3 Ba5 46. b4 Bb6 47. h5 Rc8 48. g4 Kg7 49. g5 f6 50. gxf6+ Kxf6 51. Kxd2 Kg5 52. Rh1 Rd8 53. Ke2 Bc7 54. b5 Bb6 55. Rh3 Ra7 56. Rg3+ Kh6 57. Nf4 Rad7 58. Rg6+ Kh7 59. Rxb6+ Kh8 60. Ng6+ Kg7 61.
Bf5 Rd2+ 62. Kf3 Rf8 63. Rb7+ Kh6 64. e4 Kxh5 65. Rh7+ Kg5 66. Ke3 Rfd8 67. f4+ 1-0

[Event "Late-Titled-Tuesday-Blitz-September-05-2023"]
[Site "Chess.com"]
[Date "2023.09.05"]
[Round "8"]
[White "MikeSailer"]
[Black "tylityli"]
[Result "1-0"]
[WhiteElo "2193"]
[BlackElo "2305"]
[TimeControl "180+1"]
[EndTime "15:30:01 PDT"]
[Termination "MikeSailer won on time"]

1. d4 Nf6 2. Nc3 d5 3. Bf4 a6 4. e3 c5 5. Nf3 Nc6 6. dxc5 Qa5 7. Be2 Qxc5 8. O-O e6 9. Nd4 Be7 10. h3 O-O 11. Nxc6 bxc6 12. Na4 Qa7 13. c4 c5 14. Bf3 Bb7 15. Qc2 d4 16. Bxb7 Qxb7 17. exd4 cxd4 18. c5 Rac8 19. a3 Rfd8 20. b4 d3 21. Qc4 Qb5 22. Qxb5 axb5 23. Nb6 Nd5 24. Nxc8 Rxc8 25. Bd2 e5 26. a4 bxa4 27. Rxa4 f5 28. Rfa1 Kf7 29. Ra8 Rc6 30. R1a6 Rc7 31. R8a7 Rc8 32.
Rd7 Nf6 33. Rxd3 Ne4 34. Rd7 Kf8 35. Raa7 Bf6 36. Be1 Kg8 37. Rdc7 Rb8 38. Rab7 Rd8 39. Rd7 Rc8 40. f3 Ng5 41. Bf2 Ne6 42. Rd6 Nd8 43. Rbd7 Nf7 44. Rd5 e4 45. fxe4 fxe4 46. Bd4 Bd8 47.
b5 Rb8 48. b6 Kf8 49. b7 Ke8 50. c6 Ng5 51. Ba7 1-0

[Event "Late-Titled-Tuesday-Blitz-September-05-2023"]
[Site "Chess.com"]
[Date "2023.09.05"]
[Round "8"]
[White "DeTimmerman"]
[Black "platy3"]
[Result "0-1"]
[WhiteElo "2677"]
[BlackElo "2910"]
[TimeControl "180+1"]
[EndTime "15:30:10 PDT"]
[Termination "platy3 won by resignation"]

1. b4 Nf6 2. Bb2 a5 3. b5 g6 4.
c4 Bg7 5. a4 b6 6. e3 Bb7 7. Nf3 O-O 8. Be2 d6 9. O-O e5 10. d4 e4 11. Nfd2 Nbd7 12. Nc3 Re8 13. f3 exf3 14. Bxf3 Bxf3 15. Qxf3 Qe7 16. Rae1 Nf8 17.
e4 Ne6 18. Nd5 Nxd5 19. exd5 Nxd4 20. Qf2 Ne6 21. Bxg7 Kxg7 22. dxe6 fxe6 23. Ne4 Rf8 24. Qd4+ e5 25. Qd5 Rae8 26. c5 dxc5 27. Rxf8 Rxf8 28. Nf2 Re8 29. Qe4 Qe6 30. Nd3 Rd8 31. Qxe5+ Qxe5 32. Nxe5 Rd4 33. Nc6 Rxa4 34. Re7+ Kf6 35. Rxc7 Ra1+ 36.
Kf2 Rb1 37. Na7 a4 38. Rc6+ Ke5 39. Rxb6 c4 40. Rc6 a3 41. Rxc4 a2 42. Ra4 a1=Q 43.
Rxa1 Rxa1 44. b6 Kd6 45. Nb5+ Kc6 46. Nd4+ Kxb6 47. Ne6 Kc6 48. Ng5 Ra7 49. h4 Kd6 50. Kf3 Ke5 51. Kg4 Ra4+ 52. Kh3 Ra7 53. Kg4 h6 54.
Nf3+ Kf6 55. Kf4 Ra4+ 56. Kg3 Kf5 57. Nh2 Ra3+ 58. Nf3 Rb3 59. Kf2 Kg4 60. Ne5+ Kh5 61. Nf3 g5 62. hxg5 hxg5 63. Kg3 g4 0-1

[Event "Late-Titled-Tuesday-Blitz-September-05-2023"]
[Site "Chess.com"]
[Date "2023.09.05"]
[Round "8"]
[White "IlanSchnaider"]
[Black "komogro"]
[Result "1/2-1/2"]
[WhiteElo "2736"]
[BlackElo "2518"]
[TimeControl "180+1"]
[EndTime "15:30:12 PDT"]
[Termination "Game drawn by repetition"]

1. e4 e5 2. Nf3 Nc6 3. Bc4 Bc5 4.
c3 Nf6 5. d3 a6 6. a4 Ba7 7. O-O d6 8. Re1 h6 9. Be3 O-O 10. h3 Be6 11. Bb3 Ne7 12. Nbd2 Ng6 13. Bc2 d5 14. d4 dxe4 15. Nxe4 Nxe4 16. Bxe4 f5 17. Bxb7 Rb8 18. Bxa6 e4 19. Ne5 Nxe5 20. dxe5 Bxe3 21. fxe3 Rxb2 22. Bb5 Qg5 23. Re2 Rxe2 24. Qxe2 f4 25. exf4 Rxf4 26. Rf1 Qxe5 27. Rxf4 Qxf4 28. a5 Qc1+ 29. Kh2 Qf4+ 30. Kg1 Qc1+ 31. Kh2 Qf4+ 32. g3 Qf5 33. Qf1 Qc5 34. c4 e3 35. a6 Qd4 36.
Qe2 c6 37. a7 Qxa7 38. Bxc6 Qd4 39. Bb5 Bf5 40. Kg2 Be4+ 41. Kh2 Bd3 42. Qg4 Qb2+ 43.
Kg1 Qc1+ 44. Kh2 Qd2+ 45. Kg1 Qe1+ 46. Kh2 Qf2+ 47. Kh1 Be2 48. Qe6+ Kh7 49. Qe4+ Kg8 50. Qe8+ Kh7 51. Bc6 Bf3+ 52. Bxf3 Qxf3+ 53. Kg1 Qf2+ 54.
Kh1 e2 55. Qe4+ Kg8 56. Qe8+ Kh7 57. Qe4+ g6 58. Qe7+ Kg8 59. Qe8+ Kg7 60. Qe7+ Kg8 61. Qe8+ Kg7 62. Qe7+ Kg8 1/2-1/2

[Event "Late-Titled-Tuesday-Blitz-September-05-2023"]
[Site "Chess.com"]
[Date "2023.09.05"]
[Round "8"]
[White "boldpilot22622"]
[Black "BeautiFullMindChess"]
[Result "1-0"]
[WhiteElo "2513"]
[BlackElo "2357"]
[TimeControl "180+1"]
[EndTime "15:30:15 PDT"]
[Termination "boldpilot22622 won on time"]

1. e4 c5 2. Nf3 d6 3. d4 cxd4 4.
Nxd4 Nf6 5. Nc3 Nc6 6. Be2 g6 7.
O-O Bg7 8. Be3 O-O 9. h3 Bd7 10.
Qd2 Nxd4 11. Bxd4 Bc6 12. f3 e5 13. Be3 d5 14. exd5 Nxd5 15. Nxd5 Qxd5 16. Qxd5 Bxd5 17. Rfd1 Be6 18. c3 Rfd8 19. Kf2 Rxd1 20. Rxd1 Bxa2 21.
Rd7 b6 22. Bd3 Be6 23. Rc7 Bf8 24. Be4 Rd8 25. Bg5 Rd7 26. Rc8 f5 27. Bc6 Rd2+ 28.
Bxd2 Bxc8 29. g4 Kf7 30. b4 a5 31. bxa5 bxa5 32. c4 Bc5+ 33. Ke2 Be6 34. Kd3 Bb6 35. Bg5 h5 36. gxh5 gxh5 37. Bd2 f4 38. c5 Bxc5 39.
Bxa5 Bxh3 40. Ke4 Kf6 41. Bd8+ Ke6 42. Bd5+ Kd6 43. Bf7 Bd4 44. Bxh5 Bd7 45. Ba5 Bc6+ 46. Kf5 Kc5 47. Bd2 Kc4 48. Bxf4 exf4 49. Kxf4 Bc3 50. Kg5 Kd4 51. f4 Kc5 52. f5 Kd6 53. Kg6 Ke7 54. Be2 Bf6 55. Bd3 Be8+ 56. Kh6 Kd6 57.
Bb1 Bf7 58. Bc2 Ke5 59. Bb1 Kf4 60. Bc2 Ke5 61. Bb1 Kd6 62. Bc2 Ke7 63. Bb1 Bc3 64. Bc2 Kf6 65. Bb1 Bd2+ 66. Kh7 Bd5 67. Bc2 Bg5 68. Bb1 1-0

[Event "Late-Titled-Tuesday-Blitz-September-05-2023"]
[Site "Chess.com"]
[Date "2023.09.05"]
[Round "8"]
[White "ameetghasi100"]
[Black "Djager97"]
[Result "1/2-1/2"]
[WhiteElo "2684"]
[BlackElo "2532"]
[TimeControl "180+1"]
[EndTime "15:30:17 PDT"]
[Termination "Game drawn - insufficient material"]

1. Nf3 d5 2. g3 Nd7 3. d3 e5 4. Bg2 Ngf6 5. O-O Bd6 6. Nc3 c6 7. e4 O-O 8. Nd2 Re8 9. exd5 cxd5 10. Nxd5 Nxd5 11. Bxd5 Nf6 12. Bf3 Bh3 13. Re1 Qc7 14. c3 Rad8 15. Qe2 h6 16. Ne4 Nxe4 17. Bxe4 f5 18.
Bh1 Kh8 19. Bd2 Bc5 20. Rad1 Qf7 21. b4 Bb6 22. Bc1 Bg4 23. Bf3 Bxf3 24. Qxf3 Qxa2 25. Be3 e4 26. dxe4 Rxd1 27. Qxd1 Bxe3 28. Rxe3 fxe4 29. Qd4 a6 30. Kg2 Qc2 31. g4 Rf8 32. Rh3 Kh7 33.
Rg3 Qe2 34. Qe3 Qxe3 35. Rxe3 Rf4 36. h3 b5 37. Re1 Rf3 38. Rxe4 Rxc3 39. Re6 Rc4 40.
Rxa6 Rxb4 41. Kg3 g5 42. Ra7+ Kg6 43. Ra6+ Kg7 44. Ra7+ Kf6 45. f3 Rc4 46. Ra6+ Ke5 47. Rxh6 b4 48. Rb6 Kd4 49. h4 gxh4+ 50. Kxh4 Kc3 51.
Kg5 b3 52. f4 Rb4 53. Rc6+ Kd2 54. Rd6+ Ke2 55. Re6+ Kd2 56. Rd6+ Ke2 57. Rc6 b2 58. Rc2+ Kf3 59. Rxb2 Rxb2 60. f5 Rb4 61. f6 Rxg4+ 62. Kf5 Rf4+ 63. Kg6 Ke4 64. f7 Ke5 65. Kg7 Rxf7+ 66.
Kxf7 1/2-1/2

[Event "Late-Titled-Tuesday-Blitz-September-05-2023"]
[Site "Chess.com"]
[Date "2023.09.05"]
[Round "8"]
[White "JG-17"]
[Black "Taran2004"]
[Result "0-1"]
[WhiteElo "2592"]
[BlackElo "2428"]
[TimeControl "180+1"]
[EndTime "15:30:18 PDT"]
[Termination "Taran2004 won by resignation"]

1. e4 c6 2. d4 d5 3. e5 c5 4. c3 cxd4 5. cxd4 Nc6 6. Nf3 Bf5 7. Bd3 Bxd3 8. Qxd3 e6 9. Nc3 Bb4 10. O-O Nge7 11. h4 Qb6 12. Be3 Nf5 13. Rac1 Be7 14. g3 Nb4 15. Qb5+ Qxb5 16. Nxb5 O-O 17. Rc7 a6 18. Na3 Nd3 19. Rb1 b5 20. Bd2 Rfc8 21. Rb7 b4 22. g4 bxa3 23. gxf5 axb2 24. Rxe7 exf5 25. Rb7 Rc1+ 26. Bxc1 bxc1=Q+ 27. Rxc1 Nxc1 28. Ng5 Ne2+ 29. Kf1 Nxd4 30. Nxf7 Re8 31. h5 Nc6 32. Nd6 Rb8 33. Rxb8+ Nxb8 34. Nxf5 Kf7 35. f4 g6 36. Nd6+ Ke6 37. h6 Nc6 38. Ke2 Nd4+ 39. Kd3 Nf5 40. Nb7 Nxh6 41. Nd8+ Kf5 42. Ke3 Ng4+ 43. Kf3 g5 44. e6 gxf4 45. e7 Nf6 46. Nf7 Ke6 47. Ng5+ Kxe7 48. Kxf4 h5 49. Kf5 Ne4 50. Nf3 Kd6 51.
Kf4 Nc3 52. Ke3 Nxa2 53. Kd4 Nb4 54. Nh4 Nc6+ 55. Kd3 Ne5+ 56. Kd4 Nc6+ 57. Kd3 Ke5 58. Ng6+ Kf5 59. Nh4+ Kg4 60. Ng6 Kg5 61. Nf8 h4 62.
Nd7 h3 63. Ke2 Kg4 64. Kf2 a5 65. Nf6+ Kf4 66. Nxd5+ Ke4 67. Nb6 Ne5 68. Kg3 Kd4 69.
Kxh3 Kc5 70. Na4+ Kb4 71. Nb2 Kb3 72. Nd1 a4 73. Nf2 a3 74. Ne4 a2 75. Nd2+ Kc2 76.
Nf3 Nxf3 0-1

[Event "Late-Titled-Tuesday-Blitz-September-05-2023"]
[Site "Chess.com"]
[Date "2023.09.05"]
[Round "8"]
[White "Defenstrator"]
[Black "Jaka_Brilej"]
[Result "1-0"]
[WhiteElo "2323"]
[BlackElo "2444"]
[TimeControl "180+1"]
[EndTime "15:30:20 PDT"]
[Termination "Defenstrator won by resignation"]

1. b3 d6 2. Bb2 Nf6 3. g3 e5 4. Bg2 g6 5. f4 exf4 6. Nf3 fxg3 7. O-O gxh2+ 8. Kh1 Bg7 9. e4 O-O 10. d3 Bg4 11.
Nbd2 Nc6 12. Qe1 Bxf3 13. Nxf3 Nh5 14. Bxg7 Kxg7 15. Qc3+ Qf6 16. Qe1 Qf4 17. Nxh2 Ng3+ 18. Kg1 Nxf1 19. Nxf1 Nd4 20. Qd1 Rae8 21. c3 Nc6 22. d4 f5 23. e5 dxe5 24. d5 Ne7 25. Qd3 Rd8 26. Ne3 Rf6 27. Rf1 Qg5 28. Nc4 Rxd5 29.
Qe2 Rd8 30. Qxe5 Nc6 31. Qxc7+ Rf7 32. Qh2 f4 33. Kh1 f3 34. Bxf3 Rxf3 35. Qc7+ Qe7 36. Qxe7+ Nxe7 37. Rxf3 Rd1+ 38. Kg2 Ra1 39. a4 Nf5 40.
Rd3 Rb1 41. Rd7+ Kf6 42. Rxb7 h5 43. Na5 Ne3+ 44. Kf3 Nd5 45. c4 Nc3 46. c5 Rd1 47. c6 Rd3+ 48. Kg2 Nd5 49. c7 Rc3 50. Nc4 Nxc7 51.
Rxc7 Rxb3 52. Rxa7 Rb4 53. Ne3 Kg5 54. a5 h4 55. Ra8 Rb2+ 56. Kf3 Rb3 57. a6 h3 58. Rh8 Ra3 59. Rxh3 Rxa6 60. Rg3+ Kf6 61. Nd5+ Kf5 62. Ne3+ Kf6 63. Rg4 Re6 64. Rf4+ Kg7 65.
Nd5 Re7 66. Nxe7 g5 67. Rf5 Kh6 68. Kg4 Kh7 69. Kxg5 Kh8 70. Nd5 Kg7 71. Rf1 Kh7 1-0

[Event "Late-Titled-Tuesday-Blitz-September-05-2023"]
[Site "Chess.com"]
[Date "2023.09.05"]
[Round "8"]
[White "2k28Lakers"]
[Black "FaustinoOro"]
[Result "0-1"]
[WhiteElo "2533"]
[BlackElo "2844"]
[TimeControl "180+1"]
[EndTime "15:30:22 PDT"]
[Termination "FaustinoOro won by resignation"]

1. e4 e5 2. Nf3 Nc6 3. Bc4 Bc5 4. c3 Nf6 5. d3 d6 6. O-O h6 7. a4 a6 8. Nbd2 O-O 9. h3 Ba7 10.
Re1 Re8 11. b4 d5 12. exd5 Nxd5 13. Qb3 Be6 14. a5 Qd6 15. Ne4 Qd7 16. Nc5 Bxc5 17. bxc5 Nf6 18. Bxe6 Rxe6 19. Qxb7 Rb8 20. Qxa6 Nd4 21.
Qc4 Nxf3+ 22. gxf3 Nd5 23. Kh2 c6 24. a6 Rf6 25.
Qg4 Qc7 26. Qg3 Rf5 27. Bxh6 g6 28. d4 Rh5 29. Rxe5 Rxh6 30. Re8+ Rxe8 31. a7 Qxg3+ 32. fxg3 Ra8 33. g4 f6 34. Ra6 Rh7 35. Rxc6 Rhxa7 36. c4 Ne3 37. Rxf6 Kg7 38. Re6 Nxc4 39. d5 Rf7 40. d6 Rc8 41. Re4 Rxc5 42. Rd4 Nb6 43. Kg3 Rd5 44. Rb4 Rxd6 45. h4 Rdf6 46. Rb3 Nd5 47.
h5 gxh5 48. g5 Rf5 49. Kh4 Nf4 50. Rb6 Kh7 51. Rh6+ Kg7 52. Rb6 Re7 53. g6 Nxg6+ 54. Kg3 h4+ 55. Kg2 Rg5+ 56. Kh2 Re2+ 57. Kh1 Nf4 58.
Rg6+ Kf7 59. Rf6+ Ke7 60. Rf7+ Kd6 61. Rf6+ Ke5 62. Rf5+ Kd4 63. Rxg5 Ke3 64. Re5+ Kxf3 65. Re3+ Kxe3 66. Kg1 Kf3 67. Kh1 Kg3 0-1

[Event "Late-Titled-Tuesday-Blitz-September-05-2023"]
[Site "Chess.com"]
[Date "2023.09.05"]
[Round "8"]
[White "nihalsarin"]
[Black "K_A_S_T_O_R"]
[Result "1-0"]
[WhiteElo "3147"]
[BlackElo "2958"]
[TimeControl "180+1"]
[EndTime "15:30:25 PDT"]
[Termination "nihalsarin won by resignation"]

1. Nf3 c5 2. b3 d5 3. e3 a6 4. Bb2 Nc6 5. d4 Bg4 6. Be2 Nf6 7. O-O e6 8. Nbd2 Rc8 9. h3 Bh5 10.
dxc5 Bxc5 11. a3 O-O 12. b4 Ba7 13. c4 Qe7 14. c5 Rfd8 15. Ne5 Bxe2 16. Qxe2 Bb8 17.
Ndf3 Nxe5 18. Bxe5 Bxe5 19. Nxe5 Ne4 20. Rac1 f6 21.
Nf3 e5 22. Rfd1 Qe6 23. Qb2 h6 24. a4 a5 25. bxa5 Nxc5 26. Qb5 Qc6 27. Rd2 Qxb5 28. axb5 Nb3 29. Rxc8 Rxc8 30. Rxd5 Nxa5 31. Rd7 Rc5 32.
Nh4 e4 33. g4 h5 34. Nf5 hxg4 35. hxg4 Rxb5 36. Rxg7+ Kf8 37. Rd7 Nc6 38. Kg2 Ne5 39. Rc7 Rb1 40. Nd6 Nxg4 41. Nxe4 f5 42. Nd6 Rb2 43. Kg3 Nxf2 44. Nxf5 Ne4+ 45. Kf4 Rb4 46.
Ke5 Ng5 47. Nd4 Rb6 48. Kf5 Nf7 49. Ne6+ Kg8 50. Nf4 Nd6+ 51. Ke5 Nf7+ 52. Ke4 Rb4+ 53. Kf5 Rb5+ 54. Kf6 Rb6+ 55. Ke7 Nd6 56. Rc5 Kh7 57. Rh5+ Kg7 58. Ne6+ Kg6 59. Nf4+ Kg7 60. Rg5+ Kh7 61. Nd5 Rc6 62. Nf6+ Kh6 63. Rd5 Nc8+ 64. Kf7 Rc7+ 65. Ke6 Rc6+ 66. Ke5 Kg6 67. Ne4 Nb6 68. Rd8 Nc4+ 69.
Kd4 Nb6 70. Rb8 Rc7 71. Nc3 Nc8 72. Nd5 Rc1 73. Rxc8 Rd1+ 74. Ke5 Rd3 75. e4 1-0

[Event "Late-Titled-Tuesday-Blitz-September-05-2023"]
[Site "Chess.com"]
[Date "2023.09.05"]
[Round "8"]
[White "SaqoChess_Twitch"]
[Black "HansOnTwitch"]
[Result "0-1"]
[WhiteElo "2754"]
[BlackElo "3009"]
[TimeControl "180+1"]
[EndTime "15:30:29 PDT"]
[Termination "HansOnTwitch won by checkmate"]

1. d4 Nf6 2. c4 e6 3. Nc3 Bb4 4.
e3 O-O 5. a3 Bxc3+ 6. bxc3 d6 7. Bd3 e5 8. f3 c5 9. Ne2 Nc6 10. O-O b6 11. d5 Na5 12. Ng3 Ba6 13. f4 e4 14. Nxe4 Nxe4 15. Bxe4 Bxc4 16. Bd3 f5 17. e4 fxe4 18. Bxc4 Nxc4 19. Qe2 b5 20. Qxe4 Qf6 21.
Qe6+ Qf7 22. a4 a6 23. f5 Rfe8 24. Qxf7+ Kxf7 25. Bf4 b4 26. cxb4 cxb4 27. a5 Rab8 28. Rfb1 Re4 29. g3 b3 30. Ra4 b2 31. Ra2 Rb5 32.
Bxd6 Nxd6 33. Raxb2 Rxd5 34. Rb6 Nxf5 35. Rxa6 Re6 36.
Rb7+ Kf6 37. Rxe6+ Kxe6 38. a6 Ra5 39. a7 Ne7 40.
Rb6+ Kd7 41. Rb7+ Kd6 42. Rb6+ Nc6 43. Rb7 Rxa7 44. Rb2 Re7 45. Kg2 Ne5 46. h4 Ke6 47. Re2 Kf6 48. Rf2+ Ke6 49. Re2 h5 50. Rd2 g6 51.
Re2 Rd7 52. Rf2 Rd3 53. Re2 Kd5 54. Kh3 Ng4 55. Rd2 Ke4 56. Re2+ Re3 57. Ra2 Ne5 58. Ra4+ Kd5 59. Ra5+ Ke6 60. Ra6+ Kf5 61. Ra4 Re4 62.
Ra3 Ng4 63. Ra5+ Kf6 64. Ra6+ Re6 65. Ra1 Nh6 66. Rf1+ Nf5 67. Rf3 Re3 68. Kg2 Rxf3 69. Kxf3 Ke5 70. g4 Nxh4+ 71. Kg3 g5 72. gxh5 Nf5+ 73.
Kg4 Kf6 74. Kf3 Nh6 75. Kg3 Kf5 76. Kf3 g4+ 77. Kg3 Kg5 78. Kh2 Kxh5 79. Kg3 Kg5 80.
Kg2 Nf5 81. Kh2 Kf4 82. Kg2 g3 83. Kh3 Ne3 84. Kh4 g2 85. Kh5 g1=Q 86. Kh6 Qg8 87. Kh5 Qg5# 0-1

[Event "Late-Titled-Tuesday-Blitz-September-05-2023"]
[Site "Chess.com"]
[Date "2023.09.05"]
[Round "8"]
[White "willyam13"]
[Black "sterpfi"]
[Result "1-0"]
[WhiteElo "2457"]
[BlackElo "2174"]
[TimeControl "180+1"]
[EndTime "15:30:29 PDT"]
[Termination "willyam13 won by checkmate"]

1. e4 c6 2. d4 d5 3. Nc3 dxe4 4. Nxe4 Nf6 5. Nxf6+ exf6 6. c3 Bd6 7. Bd3 O-O 8.
Qc2 Re8+ 9. Ne2 h5 10. Be3 Nd7 11. O-O-O Nf8 12. Kb1 Be6 13. Nf4 Bxf4 14. Bxf4 b5 15. h3 Qd5 16. b3 a5 17. g4 h4 18. Be4 Qd7 19. Rhe1 b4 20. c4 a4 21. d5 axb3 22.
Qxb3 cxd5 23. cxd5 Bxg4 24. hxg4 Qxg4 25. Qf3 Qd7 26.
Bc2 b3 27. Bxb3 Qf5+ 28. Ka1 g5 29. Rxe8 Rxe8 30. d6 gxf4 31. Rg1+ Ng6 32. Qc6 Rc8 33. Qb7 Re8 34. Qxf7+ Kh8 35. Qxe8+ Kg7 36. Qf7+ Kh6 37.
Qg8 Qe5+ 38. Kb1 Qe4+ 39. Kb2 Qd4+ 40. Ka3 Qc5+ 41. Ka4 Qa7+ 42. Kb5 Qb7+ 43. Kc5 Qa7+ 44. Kc6 Qa6+ 45. Kc7 Qa7+ 46. Kc6 Qa6+ 47. Kd5 Qd3+ 48.
Ke6 Qe4+ 49. Kd7 Qb7+ 50. Ke8 Qc8+ 51. Kf7 Qd7+ 52. Kxf6 Qxd6+ 53. Kf5 Qe5+ 54. Kg4 Qh5+ 55. Kh3 Qf5+ 56. Kh2 f3 57. Qxg6+ Qxg6 58. Rxg6+ Kxg6 59. a4 Kf5 60. a5 Ke5 61. a6 Kd4 62. a7 Kc3 63.
a8=Q h3 64. Qxf3+ Kd2 65. Qxh3 Ke1 66. Qg3 Ke2 67. f4 Kf1 68. f5 Ke2 69. f6 Kf1 70. Qg2+ Ke1 71. Qf3 Kd2 72. Qe4 Kc1 73. Bc4 Kb2 74. f7 Ka1 75. f8=Q Kb2 76. Qf2+ Kc3 77. Qff3+ Kd2 78. Qee2+ Kc1 79. Qff1# 1-0

[Event "Late-Titled-Tuesday-Blitz-September-05-2023"]
[Site "Chess.com"]
[Date "2023.09.05"]
[Round "8"]
[White "sergoy"]
[Black "Bigfish1995"]
[Result "1/2-1/2"]
[WhiteElo "2919"]
[BlackElo "3075"]
[TimeControl "180+1"]
[EndTime "15:30:31 PDT"]
[Termination "Game drawn - insufficient material"]

1. d4 a6 2. e4 e6 3. c4 g6 4. Nc3 Bg7 5. h4 d5 6. cxd5 exd5 7. e5 h5 8. Bg5 Ne7 9. Be2 Be6 10. Nh3 c5 11. dxc5 Nbc6 12. Nf4 Qa5 13. O-O Qxc5 14. Bf6 O-O 15. Bxh5 Nxe5 16. Bxg7 Kxg7 17. Re1 N7c6 18.
Bxg6 Bg4 19. Qd2 fxg6 20. Ncxd5 Rad8 21. Rac1 Qd6 22. Qc3 Kh7 23. Qg3 Bf5 24. Rcd1 Nd3 25. h5 Nxe1 26. hxg6+ Bxg6 27. Rxe1 Rde8 28. Qh4+ Kg8 29.
Rd1 Rxf4 30. Qxf4 Qxf4 31. Nxf4 Bf7 32. Rd7 b5 33. a3 Ne5 34. Ra7 Ng4 35. g3 Re1+ 36.
Kg2 Rb1 37. Kf3 Ne5+ 38. Ke4 Nc4 39. Rxa6 Rxb2 40. Nd3 Ra2 41. Nc5 Nxa3 42. f4 b4 43. Kf5 Rc2 44. Nd7 Rc7 45. Ne5 Rb7 46. Kf6 Bd5 47.
Ra8+ Kh7 48. Rd8 Be4 49. Nf7 Rb6+ 50. Ke5 Bc2 51. f5 b3 52. Ng5+ Kg7 53. Ne6+ Kf7 54. Rd7+ Ke8 55. Rh7 Nc4+ 56. Kd4 Rxe6 57. Rh8+ Ke7 58.
fxe6 Nd6 59. Rb8 Kxe6 60. Kc3 Ne4+ 61. Kb2 Nc5 62. Rb5 Kd5 63. g4 Kc4 64. Rb8 Nd3+ 65. Ka3 Kc3 66. g5 b2 67. g6 Nb4 68. Rxb4 b1=Q 69. Rxb1 Bxb1 70. g7 Bh7 71. Ka4 Bg8 72.
Kb5 Kd4 73. Kc6 Ke5 74. Kd7 Kf6 75. Ke8 Kxg7 1/2-1/2

[Event "Late-Titled-Tuesday-Blitz-September-05-2023"]
[Site "Chess.com"]
[Date "2023.09.05"]
[Round "8"]
[White "grzechu96"]
[Black "vladislavkovalev"]
[Result "0-1"]
[WhiteElo "2670"]
[BlackElo "2908"]
[TimeControl "180+1"]
[EndTime "15:30:49 PDT"]
[Termination "vladislavkovalev won on time"]

1. e4 e5 2. Nf3 Nc6 3. Bc4 Nf6 4. d3 Bc5 5. Bg5 h6 6. Bh4 d6 7. c3 a6 8. Nbd2 Ba7 9. O-O g5 10. Bg3 O-O 11. a4 Kg7 12. Kh1 Nh5 13. b4 Ne7 14. d4 Ng6 15. dxe5 Nxg3+ 16. fxg3 dxe5 17.
Qe2 g4 18. Ne1 h5 19. Nc2 h4 20. gxh4 Qxh4 21. g3 Qg5 22. Rae1 f6 23. Ne3 Ne7 24. a5 Bd7 25. Nd5 Nxd5 26. Bxd5 c6 27. Bb3 Rad8 28.
Rd1 Bc8 29. Nc4 Be6 30. Ba2 Qg6 31. Nd6 Rxd6 32. Rxd6 Bxa2 33. Qxa2 Qxe4+ 34. Qg2 Qc4 35. Rd7+ Rf7 36. Rxf7+ Kxf7 37. h3 gxh3 38. Qxh3 Qe4+ 39. Qg2 Qh7+ 40. Qh2 Qe4+ 41. Qg2 Qd3 42. Qh3 Ke7 43. Kh2 Qd2+ 44. Kh1 Qd3 45. Kh2 Qc2+ 46. Kh1 Be3 47. Qf5 Qxf5 48. Rxf5 Ke6 49. Rf3 Bd2 50. Rd3 Be1 51. Kg2 f5 52. Kf1 e4 53. Re3 Bd2 54.
Re2 Bxc3 55. Rc2 Bxb4 56. Rb2 c5 57. Ke2 Kd5 58. Ke3 Ke5 59. Rb1 Bxa5 60. Rxb7 Bc3 61. Re7+ Kd5 62. Kf4 a5 63. Kxf5 a4 64. Rxe4 a3 65.
Ra4 Bb2 66. g4 c4 67. g5 c3 68. Ra5+ Kd4 69. g6 c2 70. g7 c1=Q 71. g8=Q Qf1+ 72.
Kg6 Qg2+ 73. Kh7 Qh3+ 74. Kg7 Qg4+ 75. Kf7 Qf3+ 76. Kg6 Qe4+ 77. Kf7 Qf4+ 78. Kg6 Qg3+ 79. Kh7 Qc7+ 0-1

[Event "Late-Titled-Tuesday-Blitz-September-05-2023"]
[Site "Chess.com"]
[Date "2023.09.05"]
[Round "8"]
[White "JoakimVonAnd"]
[Black "TheRigos"]
[Result "1/2-1/2"]
[WhiteElo "2717"]
[BlackElo "2563"]
[TimeControl "180+1"]
[EndTime "15:30:51 PDT"]
[Termination "Game drawn by repetition"]

1. d4 Nf6 2. c4 g6 3. Nc3 Bg7 4. e4 d6 5. Be2 O-O 6. Be3 Nc6 7. d5 Ne5 8. h3 e6 9. Nf3 Nxf3+ 10. Bxf3 Nd7 11.
O-O exd5 12. cxd5 Re8 13. Rc1 a6 14. Re1 Nc5 15. Bd4 Bxd4 16. Qxd4 Qg5 17. Qe3 Qxe3 18. Rxe3 Re7 19. Ne2 a5 20. Nd4 Bd7 21. b3 Rae8 22. Rce1 Kg7 23. h4 h5 24. g3 Kf6 25. Bg2 Kg7 26.
a3 c6 27. dxc6 bxc6 28. b4 axb4 29. axb4 Na6 30. Nc2 Rb8 31. Rd1 c5 32. bxc5 dxc5 33. Rc3 Ba4 34. Rd6 Rb1+ 35. Kh2 Nb4 36. Ne3 Rb2 37. Kg1 Ra2 38. Rxc5 Nc2 39. Nxc2 Bxc2 40. e5 Ra1+ 41. Kh2 Ra2 42. Rd2 Bb3 43. Rxa2 Bxa2 44.
f4 Be6 45. Kg1 Rd7 46. Kf2 Rd2+ 47. Kg1 Rd1+ 48. Kf2 Rd2+ 49. Kf1 Rd1+ 50. Ke2 Rg1 51. Kf2 Ra1 52. Rc2 Bf5 53. Rd2 Rc1 54. Bf3 Bh3 55.
Bg2 Bg4 56. Bf3 Bh3 57. Re2 Rf1+ 58. Ke3 Ra1 59. Bd5 Ra3+ 60. Kf2 Bg4 61. e6 fxe6 62. Rxe6 Bxe6 63. Bxe6 Kf6 64. Bd5 Rd3 65. Bc6 Rc3 66. Bb7 Kf5 67. Bf3 Ra3 68. Be2 Kf6 69. Bf3 Rc3 70.
Be2 Ke6 71. Bf3 Kd6 72. Be4 Rc5 73. Bxg6 Ke6 74. Kf3 Kf6 75. Be8 Ke7 76. Bg6 Kf6 77.
Be4 Rc3+ 78. Kf2 Ra3 79. Bf3 Ra5 80. Ke3 Ra3+ 81. Kf2 Ra5 82. Be2 Kg6 83. Bf3 Ra2+ 84. Ke3 Ra3+ 85. Kf2 Ra5 86. Be4+ Kf6 87. Kf3 Ra3+ 88.
Kg2 Ra2+ 89. Kf3 Ra3+ 90. Kf2 Ra5 91. Kf3 Ke6 92. Kf2 Kf6 1/2-1/2

[Event "Late-Titled-Tuesday-Blitz-September-05-2023"]
[Site "Chess.com"]
[Date "2023.09.05"]
[Round "8"]
[White "IMRosen"]
[Black "alexrustemov"]
[Result "1-0"]
[WhiteElo "2630"]
[BlackElo "2851"]
[TimeControl "180+1"]
[EndTime "15:32:02 PDT"]
[Termination "IMRosen won by checkmate"]

1. d3 d5 2. Nd2 Nf6 3. e3 c5 4. Ne2 Nc6 5. Nb3 e5 6. Ng3 Bd6 7. Be2 O-O 8. O-O Be6 9. e4 d4 10. Bg5 h6 11. Bxf6 Qxf6 12. Nd2 g6 13. Bg4 h5 14. Bxe6 Qxe6 15. h3 Kg7 16. Nc4 Bc7 17. a4 b6 18. c3 Rad8 19. Ne2 Rd7 20. cxd4 Nxd4 21. Ne3 Nc6 22. Nd5 Rfd8 23. Nec3 Bd6 24. Rc1 Bf8 25. Qf3 Nd4 26. Qg3 Bd6 27. Kh1 Bb8 28.
Rce1 a6 29. Qg5 f6 30. Qg3 b5 31. axb5 axb5 32. Ne3 Kh7 33. Ncd5 f5 34. Qg5 Rf8 35. Rc1 f4 36. Nc2 Nb3 37. Rcd1 Bd6 38. Na3 Rb7 39. f3 Nd4 40. Qh4 Be7 41. Qf2 g5 42. Nc2 Nb3 43.
Na1 Nd4 44. Nc2 Nc6 45. Ra1 g4 46. fxg4 hxg4 47. hxg4 Qxg4 48. Qf3 Qxf3 49. Rxf3 Rc8 50. Ra6 Bd8 51. Rh3+ Kg7 52. g3 fxg3 53. Rxg3+ Kf7 54.
Rf3+ Ke6 55. Nce3 Ra7 56. Rxa7 Nxa7 57. Nf5 Nc6 58. Ng7+ Kd6 59. Ne8+ Kd7 60. Ng7 Kd6 61. Rf7 Nd4 62. Ne8+ Ke6 63. Ra7 c4 64. dxc4 bxc4 65.
Ng7+ Kd6 66. Ne8+ Kc5 67. Kg2 Nb3 68. Ng7 Kd4 69. Ne6+ Kxe4 70. Nc3+ Kd3 71. Rd7+ Kc2 72. Nxd8 Kxb2 73. Na4+ Ka3 74. Nb6 Rb8 75. Nxc4+ Kb4 76.
Nxe5 Rb5 77. Ndc6+ Ka3 78. Ra7+ Kb2 79. Kf3 Kc3 80. Rh7 Nd4+ 81. Nxd4 Kxd4 82. Ng4 Rb1 83. Rd7+ Kc5 84. Ne3 Kc6 85. Rd2 Rb3 86. Ke4 Ra3 87. Nf5 Ra4+ 88. Ke5 Ra5+ 89. Ke6 Ra1 90. Rc2+ Kb5 91.
Kd5 Kb4 92. Nd4 Rh1 93. Rb2+ Kc3 94. Rb3+ Kd2 95. Ne6 Rh8 96. Ke4 Ke2 97. Rb2+ Kf1 98. Nd4 Rf8 99. Nf5 Kg1 100. Kf4 Rg8 101. Kf3 Rg6 102.
Rb1+ Kh2 103. Ne3 Rf6+ 104. Kg4 Rf8 105. Rb2+ Kg1 106. Kg3 Rg8+ 107. Ng4 Kf1 108. Kf3 Ke1 109. Ke3 Kd1 110. Ne5 Kc1 111. Rb5 Re8 112. Kd3 Rd8+ 113. Kc3 Rc8+ 114. Nc4 Kd1 115. Re5 Rc7 116. Re8 Rc6 117. Kd3 Kc1 118. Re1# 1-0

[Event "Late-Titled-Tuesday-Blitz-September-05-2023"]
[Site "Chess.com"]
[Date "2023.09.05"]
[Round "9"]
[White "AquivaRubinstein"]
[Black "Nick12772"]
[Result "1-0"]
[WhiteElo "2481"]
[BlackElo "2332"]
[TimeControl "180+1"]
[EndTime "15:41:26 PDT"]
[Termination "AquivaRubinstein won by resignation"]

1. d4 Nf6 2. c4 g6 3. Nc3 d5 4.
Nf3 Bg7 5. Bf4 O-O 6. Rc1 c5 7. dxc5 Qa5 8. cxd5 Rd8 9. Bd2 Qxc5 10. e4 Ng4 11.
Qe2 b6 12. Nb5 Qd6 13. Nxd6 1-0